 Dungeon Crawl Stone Soup version 0.31-a0-865-g3d5d91748a (webtiles) character file.

Game seed: 13858597979314431133

464 Flugkiller the Covered (level 6, -10/38 HPs)
             Began as a Deep Elf Fighter on Oct 11, 2023.
             Mangled by an ogre
             ... wielding a +0 giant club
              (12 damage)
             ... on level 4 of the Dungeon.
             The game lasted 00:04:09 (3662 turns).

Flugkiller the Covered (Deep Elf Fighter)           Turns: 3662, Time: 00:04:10

Health: -10/38     AC: 17    Str: 12 (13) XL:     6   Next: 80%
Magic:  0/9        EV:  2    Int: 10 (13) God:
Gold:   151        SH:  4    Dex: 14 (16) Spells: 7/7 levels left

rFire   . . .        a - +0 long sword
rCold   . . .        c - +0 buckler
rNeg    . . .        n - +0 plate armour
rPois   .            (no helmet)
rElec   .            (no cloak)
rCorr   .            (no gloves)
SInv    .            g - +0 pair of boots
Will    +....        s - amulet of guardian spirit Stlth
                     p - +4 ring of protection
HPRegen 0.26/turn    m - ring of willpower
MPRegen 0.11/turn

%: guardian spirit
@: no status effects
A: no striking features
a: no special abilities


You were on level 4 of the Dungeon.
You visited 1 branch of the dungeon, and saw 4 of its levels.
You also visited: Ossuary.

You collected 151 gold pieces.

Inventory:

Hand Weapons
 a - a +0 long sword (weapon)
Armour
 b - a +0 scale mail
 c - a +0 buckler (worn)
 g - a +0 pair of boots (worn)
   (You found it on level 1 of the Dungeon)
 n - a +0 plate armour (worn)
   (You found it on level 3 of the Dungeon)
Jewellery
 m - a ring of willpower (right hand)
   (You found it on level 3 of the Dungeon)
 p - a +4 ring of protection (left hand)
   (You found it on level 3 of the Dungeon)
 s - an amulet of guardian spirit (around neck)
   (You found it on level 3 of the Dungeon)
Scrolls
 f - 2 scrolls of immolation {unknown}
 i - 3 scrolls of blinking {unknown}
 j - a scroll of silence {unknown}
 k - a scroll of enchant weapon {unknown}
 l - 3 scrolls of butterflies {unknown}
 r - 2 scrolls of amnesia {unknown}
 t - 3 scrolls of teleportation {unknown}
 u - a scroll of revelation {unknown}
 x - 3 scrolls of identify {unknown}
 y - a scroll of torment {unknown}
Potions
 d - 2 potions of might
 e - 2 potions of degeneration
 h - a potion of haste
 o - 2 potions of heal wounds {unknown}
 q - 6 potions of curing
 v - a potion of berserk rage {unknown}
 w - a potion of enlightenment {unknown}
 z - a potion of cancellation {unknown}
 A - a potion of mutation {unknown}
 B - a potion of brilliance {unknown}


   Skills:
 - Level 4.0 Fighting
 - Level 4.0 Long Blades
 + Level 4.4 Armour
 - Level 2.4 Shields
 - Level 1.0 Spellcasting


You had 7 spell levels left.
You didn't know any spells.
Your spell library contained the following spells:

 Spells                   Type           Power      Damage    Failure   Level
 Foxfire                  Conj/Fire      0%         2x1d4     100%        1
 Sting                    Tmut/Pois      0%         1d3       100%        1
 Poisonous Vapours        Pois/Air       0%         N/A       100%        2
 Dazzling Flash           Conj/Hex       0%         N/A       100%        3
 Volatile Blastmotes      Fire/Tloc      0%         2d10      100%        3
 Olgreb's Toxic Radiance  Pois           0%         N/A       100%        4
 Plasma Beam              Fire/Air       0%         2x1d10    100%        6
 Starburst                Conj/Fire      0%         6d3       100%        6
 Maxwell's Capacitive Co  Air            0%         ∞         100%        8


Dungeon Overview and Level Annotations

Branches:
Dungeon (4/15) Zot: 20887 Ossuary (visited)
 Temple: D:4-7

Altars:
Gozag
Nemelex Xobeh
Ru
Uskayaw
Xom
Zin


Message History

You block the black bear's attack. x2
The black bear claws you but does no damage.
You closely miss the black bear.
The black bear is moderately wounded.
The black bear bites you but does no damage.
The black bear claws you but does no damage.
You block the black bear's attack.
You slash the black bear!
The black bear is heavily wounded.
The black bear barely misses you.
The black bear claws you but does no damage. x2
You hit the black bear but do no damage.
The black bear is heavily wounded.
The black bear bites you.
The black bear claws you but does no damage.
The black bear barely misses you. The black bear bites you.
You block the black bear's attack.
The black bear claws you but does no damage.
You hit the black bear.
The black bear is severely wounded.
The black bear bites you but does no damage.
The black bear claws you but does no damage.
The black bear claws you.
You slash the black bear!
You kill the black bear!
Training target 4.0 for Armour reached!
Your Armour skill increases to level 4!
You need to enable at least one skill for training.
You start resting.
Magic restored.
Found a stone staircase leading down.
y - a scroll labelled GIF MYHOTATSISM Unknown command.
i - 3 scrolls labelled IFAOCLY HOKHUA (gained 1) HP restored.
Found a shimmering altar of Xom.
e - 3 bubbling yellow potions (gained 2)
B - a fuming grey potion
Found 4 stones.
Found a leather armour.
No target in view!
No target in view!
Found a stone staircase leading up.
You now have 151 gold pieces (gained 12).
You see here a +0 leather armour.
A goblin comes into view. It is wielding a +0 club.
You block the goblin's attack.
You closely miss the goblin. The goblin hits you with a +0 club.
You block the goblin's attack.
You hit the goblin.
You kill the goblin!
No target in view!
No target in view!
No target in view!
No target in view!
No target in view!
No target in view!
An ogre comes into view. It is wielding a +0 giant club.
You aren't carrying any items that you can evoke.
Unknown command.
It was a potion of degeneration.
There was something very wrong with that liquid.
You feel weakened.
You feel dopey.
You feel clumsy.
The ogre shouts!
It was a potion of curing.
You feel better.
q - 6 potions of curing;
n - a +0 plate armour (worn)
It was a potion of haste.
You feel yourself speed up.
h - a potion of haste;
r - 2 scrolls labelled DEORCH GUCVUAM The ogre hits you with a +0 giant club!!
Ouch! That really hurt!
You are too injured to fight recklessly!
You hit the ogre.
The ogre is lightly wounded.
The ogre hits you with a +0 giant club!
* * * LOW HITPOINT WARNING * * *
There is a stone staircase leading up here.
You climb upwards.
There is a stone staircase leading down here.
You start resting.
Your extra speed is starting to run out.
You start resting.
You feel yourself slow down.
You start resting.
Magic restored.
You start resting.
HP restored.
You climb downwards.
The ogre hits you with a +0 giant club.
There is a stone staircase leading up here.
You hit the ogre.
The ogre is lightly wounded.
The ogre hits you with a +0 giant club!
You hit the ogre.
The ogre is moderately wounded.
You hit the ogre but do no damage.
The ogre is moderately wounded.
The ogre hits you with a +0 giant club! The ogre attacks as it pursues you!
The ogre hits you with a +0 giant club!
* * * LOW HITPOINT WARNING * * *
The ogre attacks as it pursues you! The ogre hits you with a +0 giant club!
You die...

#.....##.(...####...##
#.....##.....#.....##
#...)........#.##.[#
......O_...........#
######.........#...#
#...........##....##
#...........####<.#
#...........#####O#
.......b###.....@.#
.##............####
.8#............#
...............#
.8#............#
.######........#
.....##........#
#..#.##........# #..#
#........#


You could see an ogre.

Vanquished Creatures
  Menkaure (Ossuary)
  A black bear (D:4)
  A jelly (D:4)
  3 mummies (Ossuary)
  7 adders
  2 worms
  2 dart slugs (D:1)
  4 endoplasms
  A giant cockroach (D:4)
  2 gnoll zombies (Ossuary)
  8 goblins
  6 hobgoblins
  5 jackals (D:1)
  9 kobolds
  5 quokkas
  4 ball pythons
  10 bats
  4 frilled lizards
  6 gnoll skeletons (Ossuary)
  4 goblin skeletons (Ossuary)
  8 goblin zombies (Ossuary)
  A hobgoblin skeleton (Ossuary)
  5 hobgoblin zombies (Ossuary)
  7 kobold skeletons (Ossuary)
  5 kobold zombies (Ossuary)
  3 orc skeletons (Ossuary)
  3 orc zombies (Ossuary)
  7 rats
  4 rat skeletons (Ossuary)
  2 rat zombies (Ossuary)
130 creatures vanquished.

Notes
Turn   | Place    | Note
-------+----------+-------------------------------------------
     0 | D:1      | Flugkiller the Deep Elf Fighter began the quest for the
                  | Orb.
     0 | D:1      | Reached XP level 1. HP: 13/13 MP: 3/3
   162 | D:1      | Reached XP level 2. HP: 18/18 MP: 4/4
   575 | D:1      | Reached XP level 3. HP: 22/22 MP: 5/5
  1220 | D:2      | Found a faded altar of an unknown god.
  1235 | D:2      | Reached XP level 4. HP: 22/27 MP: 6/6
  1526 | D:2      | Found a hide-covered altar of Uskayaw.
  1914 | D:3      | Found a sacrificial altar of Ru.
  2043 | D:3      | Reached skill level 1 in Spellcasting
  2173 | D:3      | Found a glowing silver altar of Zin.
  2302 | D:3      | Found a sparkling altar of Nemelex Xobeh.
  2302 | D:3      | Found an opulent altar of Gozag.
  2500 | D:4      | Found a sand-covered staircase.
  2506 | Ossuary  | Entered an ossuary
  2613 | Ossuary  | Reached XP level 5. HP: 31/31 MP: 8/8
  2815 | Ossuary  | Noticed Menkaure
  2889 | Ossuary  | Killed Menkaure
  2890 | Ossuary  | Reached XP level 6. HP: 7/38 MP: 2/9
  3462 | D:4      | Found a shimmering altar of Xom.
  3661 | D:4      | HP: 1/38 [ogre/+0 giant club (12)]
  3662 | D:4      | Mangled by an ogre

Illustrated notes

Levels and vault maps discovered:
D:1:      minmay_arrival_solitary_statue, layout_loops_corners
D:2:      layout_loops_cross, chequers_ecumenical_altar_simple_redux,
          basic_altar, kennysheep_generic_room_9
D:3:      layout_rooms, grunt_temple_overflow_opulence,
          nicolae_ru_the_path_less_chosen, mainiacjoe_overflow_24_doors,
          serial_bayou_lagoon_b
D:4:      layout_basic, xom_butterflies, enter_ossuary_3,
          small_statue_intersection

Skill      XL: |  1  2  3  4  5  6 |
---------------+-------------------+-----
Long Blades    | 2 3 4 |  4.0
Fighting       | 3 4 |  4.0
Spellcasting   | 1 |  1.0
Armour         | 3 4 |  4.4
Shields        | |  2.4

Action                     |  1- 3 |  4- 6 || total
---------------------------+-------+-------++-------
  Melee: Long sword        |   146 |   284 ||   430
    Use: Potion            |       |     4 ||     4
 Armour: Scale mail        |   117 |    51 ||   168
         Plate armour      |       |   228 ||   228
  Dodge: Dodged            |    58 |    43 ||   101
  Block: Buckler           |    32 |    62 ||    94

Table legend: (Time is in decaauts)
 A = Elapsed time spent in this place.
 B = Non-inter-level travel time spent in this place.
 C = Inter-level travel time spent in this place.
 D = Time resting spent in this place.
 E = Time spent auto-exploring this place.
 F = Levels seen in this place.
 G = Mean time per level.
                   A        B        C        D        E       F      G
               +--------+--------+--------+--------+--------+-----+--------+
         Total |   3762 |   3713 |     49 |    533 |   2067 |   5 |  752.4 |
       Dungeon |   3111 |   3062 |     49 |    397 |   1859 |   4 |  777.8 |
       Ossuary |    651 |    651 |      0 |    136 |    208 |   1 |  651.0 |
               +--------+--------+--------+--------+--------+-----+--------+

Top non-repeatable levels by time:
     D:1: 1024 daAuts
     D:3: 843 daAuts
     D:2: 799 daAuts
 Ossuary: 651 daAuts
     D:4: 442 daAuts
